 Dungeon Crawl Stone Soup version 0.28-a0-1235-g7c8fac35f0 (webtiles) character file.

Game seed: 18101757146389380752

4 Conn the Firebug (level 1, 0/11 HPs)
             Began as an Octopode Fire Elementalist on Dec 24, 2021.
             Slain by a frilled lizard (3 damage)
             ... on level 1 of the Dungeon.
             The game lasted 00:01:25 (147 turns).

Conn the Firebug (Octopode Fire Elementalist)        Turns: 147, Time: 00:01:26

Health: 0/11       AC:  1    Str:  7    XL:     1   Next: 70%
Magic:  2/3        EV: 13    Int: 17    God:
Gold:   0          SH:  0    Dex: 12    Spells: 3/4 levels left

rFire   . . .      SeeInvis .   a - +0 dagger
rCold   . . .      Faith    .   (no shield)
rNeg    . . .      Spirit   .   (helmet restricted)
rPois   .          Reflect  .   (no amulet)
rElec   .          Harm     .   (no ring)
rCorr   .          Rampage  .   (no ring)
Will    .....                   (no ring)
Stlth   +++.......              (no ring)
HPRegen 0.03/turn               (no ring)
MPRegen 0.08/turn               (no ring)
                                (no ring)
                                (no ring)

@: no status effects
A: almost no armour, amphibious, 8 rings, camouflage 1, gelatinous body 1,
(nimble swimmer 1), tentacles
a: no special abilities


You were on level 1 of the Dungeon.
You visited 1 branch of the dungeon, and saw 1 of its levels.

Inventory:

Hand Weapons
 a - a +0 dagger (weapon)


   Skills:
 + Level 2.0 Dodging
 + Level 2.6 Stealth
 + Level 2.1 Spellcasting
 + Level 1.1 Conjurations
 + Level 3.1 Fire Magic


You had 3 spell levels left.
You knew the following spells:

 Your Spells              Type           Power      Damage    Failure   Level
a - Foxfire               Conj/Fire      36%        2x1d5     8%          1

Your spell library contained the following spells:

 Spells                   Type           Power      Damage    Failure   Level
 Scorch                   Fire           24%        2d6       8%          2
 Conjure Flame            Conj/Fire      9%         6-21      24%         3
 Inner Flame              Hex/Fire       7%         N/A       30%         3
 Flame Wave               Conj/Fire      9%         2d4       61%         4


Dungeon Overview and Level Annotations

Branches:
Dungeon (1/15)

Altars:


Innate Abilities, Weirdness & Mutations

You cannot wear most types of armour.
You are amphibious.
You can wear up to eight rings at the same time.
Your skin changes colour to match your surroundings (Stealth+).
Your rubbery body absorbs attacks. (AC +1, EV +1)
((You are camouflaged when in or above water. (Stealth+)))
You have tentacles for arms and can constrict up to eight enemies at once.


Message History

You barely miss the frilled lizard. Your grab misses the frilled lizard.
The foxfire hits the goblin.
You kill the goblin!
The foxfire hits the frilled lizard.
The frilled lizard is heavily wounded.
The frilled lizard completely misses you.
The endoplasm closely misses you. The hobgoblin closely misses you.
The frilled lizard bites you.
* * * LOW HITPOINT WARNING * * *
The hobgoblin barely misses you.
An endoplasm comes into view.
The endoplasm moves out of view.
Found 9 gold pieces.
You aren't carrying any potions.
Unknown command.
Unknown command.
Found 22 sling bullets.
Press: ? - help, v - describe, . - travel
Here: a frilled lizard (heavily wounded)
The floor.
Unknown command.
You see here 22 sling bullets.
Found a scroll labelled DEUDATEPNA.
Found a human skeleton.
Found a human skeleton.
You see here a human skeleton.
Found a human skeleton.
You see here a human skeleton.
Found a human skeleton.
Found 7 gold pieces.
A frilled lizard comes into view.
Found 21 gold pieces and a human corpse.
You see here a human skeleton.
The helpless frilled lizard fails to defend itself.
You hit the frilled lizard.
You kill the frilled lizard!
Casting: Foxfire (safe; 8% risk of failure)
Confirm with . or Enter, or press ? or * to list all spells.
You conjure some foxfire!
The frilled lizard bites you.
You die...

#....S........?......
##..#)###.........###
##..#.###...#S###.#
.......##..##g.÷###
###..#.#####..#####
##g..#... #.÷##†..#
##=#####r.#g.#...$##
##.r.# .##..##v.$.#
...J.# #..###v@..#
####...# ##.g####l##
#.## ##..##.## .#
##.gl## # #####


You could see a frilled lizard (ally target).

Vanquished Creatures
  A hobgoblin (D:1)
  A frilled lizard (D:1)
  2 goblins (D:1)
  A kobold (D:1)
5 creatures vanquished.

Vanquished Creatures (others)
  10 foxfires (D:1)
10 creatures vanquished.

Grand Total: 15 creatures vanquished

Notes
Turn   | Place    | Note
-------+----------+-------------------------------------------
     0 | D:1      | Conn the Octopode Fire Elementalist began the quest for the
                  | Orb.
     0 | D:1      | Reached XP level 1. HP: 11/11 MP: 3/3
   147 | D:1      | Slain by a frilled lizard

Illustrated notes

Levels and vault maps discovered:
D:1:      heliophobic_arrival_glass_houses, layout_loops_ring,
          wander_ebering_terrifying_dragon_lair

Action                   || total
-------------------------++-------
Melee: Dagger            ||     5
       Constrict         ||     1
 Cast: Foxfire           ||     6
 Stab: Sleeping          ||     1
Armor: Skin              ||     1
Dodge: Dodged            ||     6

Table legend: (Time is in decaauts)
 A = Elapsed time spent in this place.
 B = Non-inter-level travel time spent in this place.
 C = Inter-level travel time spent in this place.
 D = Time resting spent in this place.
 E = Time spent auto-exploring this place.
 F = Levels seen in this place.
 G = Mean time per level.
                   A        B        C        D        E       F      G
               +--------+--------+--------+--------+--------+-----+--------+
         Total |    146 |    146 |      0 |      0 |     50 |   1 |  146.0 |
       Dungeon |    146 |    146 |      0 |      0 |     50 |   1 |  146.0 |
               +--------+--------+--------+--------+--------+-----+--------+

Top non-repeatable levels by time:
     D:1: 146 daAuts
